 Dungeon Crawl Stone Soup version 0.23.2 (webtiles) character file.

Game seed: 12472891275714653514

660 DrKleor the Cleaver (level 7, -1/63 HPs)
             Began as a Hill Orc Monk on Apr 4, 2019.
             Was a Believer of Beogh.
             Splashed by a jelly's acid (11 damage)
             ... on level 5 of the Dungeon.
             The game lasted 00:10:31 (4034 turns).

DrKleor the Cleaver (Hill Orc Monk)                 Turns: 4034, Time: 00:10:32

Health: -1/63      AC: -10   Str: 16    XL:     7   Next: 56%
Magic:  8/8        EV:  7    Int: 10    God:    Beogh [**....]
Gold:   201        SH: 15    Dex: 13    Spells: 6/6 levels left

rFire    . . .     SeeInvis .   p - +0 war axe
rCold    + . .     Gourm    .   k - +2 large shield
rNeg     . . .     Faith    .   d - +0 ring mail {rC+}
rPois    .         Spirit   .   (no helmet)
rElec    .         Reflect  .   (no cloak)
rCorr    .         Harm     .   n - +0 pair of gloves
MR       .....                  (no boots)
Stlth    +.........             (no amulet)
HPRegen  0.20/turn              (no ring)
MPRegen  0.11/turn              (no ring)

@: lethally poisoned (-1 -> -3), corroded
A: no striking features
a: Smiting, Renounce Religion


You were on level 5 of the Dungeon.
You worshipped Beogh.
Beogh was pleased with you.
You were not hungry.

You visited 1 branch of the dungeon, and saw 5 of its levels.

You collected 201 gold pieces.

Inventory:

Hand Weapons
 a - a +0 hand axe
 p - a +0 war axe (weapon)
Armour
 d - a +0 ring mail of cold resistance (worn)
 k - a +2 large shield (worn)
 n - a +0 pair of gloves (worn)
Wands
 i - a wand of random effects (11)
 r - a wand of scattershot (3)
Scrolls
 f - a scroll of identify
 g - 3 scrolls of remove curse {unknown}
 h - 3 scrolls of blinking {unknown}
 j - 5 scrolls of magic mapping {unknown}
 s - 2 scrolls of fear {unknown}
 t - a scroll of amnesia {unknown}
 u - a scroll of teleportation {unknown}
 v - a scroll of enchant armour {unknown}
 w - a scroll of enchant weapon {unknown}
Potions
 b - a potion of flight
 l - a potion of magic
 m - a potion of curing
 o - a potion of haste
 q - a potion of berserk rage {unknown}
Comestibles
 c - 4 rations
 x - a chunk of flesh


   Skills:
 + Level 6.0 Fighting
 * Level 8.5 Axes
 - Level 2.4 Dodging
 - Level 1.5 Stealth
 + Level 3.2 Shields
 + Level 1.7 Evocations


You had 6 spell levels left.
You didn't know any spells.
Your spell library was empty.

Dungeon Overview and Level Annotations

Branches:
Dungeon (5/15)
 Temple: D:4-7

Altars:
Dithmenos
Hepliaklqana
Makhleb


Message History

You block the jelly's attack. You block the adder's attack.
You completely miss the adder.
The adder is almost dead.
Your shield prevents you from hitting the jelly.
You feel sick. You block the adder's attack. You block the jelly's attack.
Your shield and ring mail prevent you from hitting the adder.
The adder is almost dead.
You hit the jelly. The acid corrodes you!
Your hands burn!
* * * LOW HITPOINT WARNING * * *
You feel sick. You block the adder's attack. The jelly barely misses you.
You block the adder's attack.
You slash the adder!
You kill the adder!
Beogh accepts your kill.
You hit the jelly. The acid corrodes you!
Your hands burn!
* * * LOW HITPOINT WARNING * * *
You block the jelly's attack. The jelly hits you.
* * * LOW HITPOINT WARNING * * *
The acid corrodes you!
You are splashed with acid!
You die...

.##### ### .#....
#.## .....######..##
.....#........####
.....#.<...⌠...J.#
.....#...)....##@#
...?.######..###h#
..........#.##ooo###
...##.$...#o#.o###.#
o..
##.Jo......##..###
.( #...............#
..
##.......#.......# .
#.....†..........# #
.......##..##..#####


You could see a howler monkey, a jelly and 3 orcs.

Vanquished Creatures
  Sigmund (D:3)
  A water moccasin (D:5)
  An ogre (D:4)
  A centaur skeleton (D:4)
  An orc wizard (D:3)
  Ijyb (D:3)
  3 worker ants
  3 adders
  A shadow imp (D:5)
  An adder skeleton (D:4)
  3 worms
  2 dart slugs
  2 leopard geckos (D:2)
  5 orcs
  5 giant cockroaches
  5 goblins
  6 hobgoblins
  15 jackals
  4 quokkas (D:2)
  3 ball pythons
  12 bats
  8 frilled lizards
  13 kobolds
  6 rats
103 creatures vanquished.

Notes
Turn   | Place    | Note
-------+----------+-------------------------------------------
     0 | D:1      | DrKleor the Hill Orc Monk began the quest for the Orb.
     0 | D:1      | Reached XP level 1. HP: 19/19 MP: 1/1
    73 | D:1      | Reached XP level 2. HP: 22/27 MP: 2/2
   382 | D:1      | Reached skill level 5 in Axes
   452 | D:1      | Reached XP level 3. HP: 19/33 MP: 3/3
  1253 | D:2      | Reached XP level 4. HP: 37/41 MP: 4/4
  1308 | D:2      | Found a shadowy altar of Dithmenos.
  1547 | D:2      | Reached skill level 6 in Axes
  2029 | D:3      | Found a burning altar of Makhleb.
  2029 | D:3      | Noticed a green death
  2212 | D:3      | Reached skill level 1 in Shields
  2212 | D:3      | Reached XP level 5. HP: 6/47 MP: 5/5
  2517 | D:3      | Noticed Sigmund
  2549 | D:3      | Killed Sigmund
  2549 | D:3      | Reached skill level 5 in Fighting
  2549 | D:3      | Reached skill level 7 in Axes
  2549 | D:3      | Reached XP level 6. HP: 56/56 MP: 6/6
  2641 | D:3      | Noticed Ijyb
  2651 | D:3      | Killed Ijyb
  3173 | D:4      | Reached skill level 8 in Axes
  3173 | D:4      | Reached skill level 1 in Evocations
  3173 | D:4      | Reached XP level 7. HP: 18/62 MP: 7/7
  3674 | D:4      | Found a hazy altar of Hepliaklqana.
  3852 | D:4      | Became a worshipper of Beogh the Brigand
  3852 | D:4      | Reached * piety under Beogh
  3852 | D:4      | Reached ** piety under Beogh
  3955 | D:5      | Entered Level 5 of the Dungeon
  4034 | D:5      | Splashed by a jelly's acid

Skill      XL: |  1  2  3  4  5  6  7 |
---------------+----------------------+-----
Fighting       | 4 5 6 |  6.0
Axes           | 5 6 7 8 |  8.5
Shields        | 1 2 3 |  3.2
Evocations     | 1 |  1.7
Dodging        | |  2.4
Stealth        | |  1.5

Action                   |  1- 3 |  4- 6 |  7- 9 || total
-------------------------+-------+-------+-------++-------
Melee: Hand axe          |   119 |   144 |       ||   263
       War axe           |       |    51 |    38 ||    89
Invok: Convert to Beogh  |       |       |     1 ||     1
Evoke: Wand              |       |     1 |       ||     1
  Use: Scroll            |       |     5 |       ||     5
       Potion            |       |     1 |       ||     1
 Stab: Sleeping          |     2 |     1 |     1 ||     4
       Distracted        |     1 |       |       ||     1
  Eat: Chunk             |     1 |     6 |     3 ||    10
Armor: Robe              |    29 |     1 |       ||    30
       Ring mail         |       |    67 |    11 ||    78
Dodge: Dodged            |   140 |    75 |     9 ||   224
Block: Large shield      |       |   107 |    32 ||   139
